 Dungeon Crawl Stone Soup version 0.25.0-9-g26727b657a (webtiles) character file.

Game seed: 2322526721402453716

22948 Peloso the Blocker (level 13, -1/103 HPs)
             Began as a Gnoll Fighter on June 17, 2020.
             Was a High Priest of Okawaru.
             Slain by a wolf spider (10 damage)
             ... on level 2 of the Lair of Beasts.
             The game lasted 00:39:45 (17310 turns).

Peloso the Blocker (Gnoll Fighter)                 Turns: 17310, Time: 00:39:46

Health: -1/103     AC: 21    Str: 22    XL:     13   Next: 3%
Magic:  24/24      EV: 12    Int: 12    God:    Okawaru [*****.]
Gold:   564        SH: 12    Dex: 17    Spells: 27/27 levels left

rFire    + . .     SeeInvis +   a - +3 long sword of Defilement {elec, rPois Dex+2}
rCold    + . .     Gourm    .   c - +0 kite shield
rNeg     + . .     Faith    .   d - +2 chain mail {rF+}
rPois    +         Spirit   .   s - +1 hat {SInv}
rElec    .         Reflect  .   M - +2 cloak
rCorr    .         Harm     .   l - +0 pair of gloves
MR       .....                  r - +0 pair of boots
Stlth    ++........             (no amulet)
HPRegen  0.27/turn              D - ring of Refrant {rC+ rN+}
MPRegen  0.19/turn              K - ring of stealth

@: lethally poisoned (-1 -> -16)
A: distributed training, fangs 1, strong nose
a: Heroism, Finesse, Renounce Religion


You were on level 2 of the Lair of Beasts.
You worshipped Okawaru.
Okawaru was extremely pleased with you.
You were hungry.

You visited 3 branches of the dungeon, and saw 14 of its levels.

You collected 564 gold pieces.

Inventory:

Hand Weapons
 a - the +3 long sword of Defilement (weapon) {elec, rPois Dex+2}
   (You found it on level 10 of the Dungeon)

   Occasionally, upon striking a foe, it will discharge some electrical energy
   and cause terrible harm.
   It affects your dexterity (+2).
   It protects you from poison.
 b - a +2 short sword of flaming
Missiles
 m - 106 bolts
Armour
 c - a +0 kite shield (worn)
 d - a +2 chain mail of fire resistance (worn)
 l - a +0 pair of gloves (worn)
 r - a +0 pair of boots (worn)
 s - a +1 hat of see invisible (worn)
 M - a +2 cloak (worn)
Jewellery
 j - an uncursed ring of protection from fire
 p - an uncursed ring of flight
 D - the ring of Refrant (left hand) {rC+ rN+}
   (You found it on level 7 of the Dungeon)

   [ring of protection from cold]

   It protects you from cold.
   It protects you from negative energy.
 K - a ring of stealth (right hand)
Wands
 W - a wand of paralysis (13)
Scrolls
 g - a scroll of fog {unknown}
 h - a scroll of identify
 k - 3 scrolls of remove curse
 n - 4 scrolls of enchant armour {unknown}
 o - 3 scrolls of magic mapping
 t - 9 scrolls of teleportation
 y - 2 scrolls of amnesia {unknown}
 B - a scroll of fear
 G - a scroll of noise {unknown}
 O - a scroll of holy word {unknown}
Potions
 v - 3 potions of resistance
 E - a potion of heal wounds
 I - 2 potions of curing
 J - 3 potions of stabbing {unknown}
 R - a potion of might
 S - 3 potions of brilliance {unknown}
 X - 2 potions of cancellation {unknown}
Comestibles
 f - 23 rations


   Skills:
 + Level 10.1 Fighting
 + Level 7.7 Short Blades
 + Level 9.1 Long Blades
 + Level 7.7 Axes
 + Level 7.7 Maces & Flails
 + Level 7.7 Polearms
 + Level 7.7 Staves
 + Level 7.7 Slings
 + Level 7.7 Bows
 + Level 7.7 Crossbows
 + Level 7.7 Throwing
 + Level 10.1 Armour
 + Level 7.7 Dodging
 + Level 7.7 Stealth
 + Level 10.1 Shields
 + Level 7.7 Unarmed Combat
 + Level 7.7 Spellcasting
 + Level 6.4 Conjurations
 + Level 6.4 Hexes
 + Level 6.4 Charms
 + Level 6.4 Summonings
 + Level 6.4 Necromancy
 + Level 6.4 Translocations
 + Level 6.4 Transmutations
 + Level 6.4 Fire Magic
 + Level 6.4 Ice Magic
 + Level 6.4 Air Magic
 + Level 6.4 Earth Magic
 + Level 6.4 Poison Magic
 + Level 8.4 Invocations
 + Level 7.7 Evocations


You had 27 spell levels left.
You didn't know any spells.
Your spell library contained the following spells:

 Spells                   Type           Power        Failure   Level  Hunger
 Sandblast                Erth           ###...       12%         1    None
 Passwall                 Tmut/Erth      ###.....     19%         2    #......
 Poisonous Vapours        Pois/Air       ###...       19%         2    #......
 Conjure Flame            Conj/Fire      ###.....     36%         3    ##.....
 Mephitic Cloud           Conj/Pois/Air  ###.....     36%         3    ##.....
 Recall                   Summ/Tloc      N/A          36%         3    ##.....
 Stone Arrow              Conj/Erth      ###...       36%         3    ##.....
 Animate Dead             Necr           N/A          77%         4    ####...
 Ice Form                 Ice/Tmut       ###.....     77%         4    ####...
 Petrify                  Tmut/Erth      ###.....     77%         4    ####...
 Borgnjor's Vile Clutch   Necr/Erth      ###.......   98%         5    ######.
 Lee's Rapid Deconstruct  Erth           ###.......   98%         5    ######.
 Metabolic Englaciation   Hex/Ice        ###.......   98%         5    ######.
 Death Channel            Necr           ###.......   100%        6    #######
 Freezing Cloud           Conj/Ice/Air   ###.......   100%        6    #######
 Ozocubu's Refrigeration  Ice            ###.......   100%        6    #######
 Simulacrum               Ice/Necr       ###.......   100%        6    #######
 Ring of Flames           Chrm/Fire      ###.......   100%        7    #######


Dungeon Overview and Level Annotations

Branches:
Dungeon (11/15)            Temple (1/1) D:4            Lair (2/6) D:10
 Spider (0/4) Lair:2          Orc (0/2) D:9
  Swamp: Lair:2-4    Shoals: Lair:2-4

Altars:
Ashenzari
Cheibriados
Dithmenos
Elyvilon
Fedhas
Gozag
Hepliaklqana
Kikubaaqudgha
Makhleb
Nemelex Xobeh
Okawaru
Qazlal
Ru
Sif Muna
Trog
Uskayaw
Vehumet
Wu Jian
Xom
Yredelemnul
Zin
The Shining One

Shops:
D:5 }

Annotations:
D:8 3 runed translucent doors, kelmiir's ghost, novice NaFi


Innate Abilities, Weirdness & Mutations

Your experience applies equally to all skills.
You have very sharp teeth.
Your uncanny sense of smell can sniff out nearby items.


Message History

You slash the wolf spider!
The wolf spider is lightly wounded.
You feel sick. You block the wolf spider's attack.
The wolf spider bites you but does no damage.
Unknown command.
You hit the wolf spider. You bite the wolf spider.
The wolf spider is moderately wounded.
You feel sick. The redback barely misses you.
You riposte.
You barely miss the redback. Your bite misses the redback.
The wolf spider barely misses you. The wolf spider bites you!
The redback bites you.
You slash the wolf spider!
The wolf spider is heavily wounded.
You feel sick. The wolf spider hits you!
* * * LOW HITPOINT WARNING * * *
The wolf spider bites you but does no damage.
The redback bites you.
* * * LOW HITPOINT WARNING * * *
You block the redback's attack. The wolf spider hits you!
You die...

#.... ##...#
##....##
#......###
####......^#
##.....##^^^^^#
.........##.^^..#
...#.#...s##^^^s^
.P#. ##..s@#.....
# #...s.###..>
##......##..
#.......###
##......<.#
#........#
#........#
##.......#
##......# ∆


You could see a wolf spider and 2 redbacks.

Vanquished Creatures
  Gastronok (D:9)
  Erolcha (D:10)
  Harold (D:9)
  A hydra (D:11)
  Urug (Lair:1)
  3 death yaks
  5 skeletal warriors (D:10)
  2 unseen horrors
  Pikel (D:6)
  2 ugly things (D:11)
  Maurice (D:10)
  A komodo dragon (Lair:1)
  A jumping spider (Lair:2)
  A troll (D:9)
  A hornet (D:10)
  Prince Ribbit (D:7)
  7 hippogriffs
  A spriggan (D:7)
  9 yaks
  A steam dragon (D:9)
  Menkaure (D:3)
  4 water moccasins (Lair:1)
  4 ice beasts
  A porcupine (Lair:1)
  A phantom (D:3)
  2 sky beasts
  2 slaves (D:6)
  3 orc warriors
  4 black bears
  3 necrophages
  4 wolves (Lair:1)
  6 ogres
  3 crocodiles
  2 centaurs (D:7)
  2 big kobolds (D:11)
  6 bullfrogs
  A wyvern skeleton (D:10)
  2 scorpions
  Dowan (D:7)
  6 killer bees (D:10)
  10 wights
  3 electric eels (D:11)
  6 crimson imps
  A bullfrog zombie (D:6)
  2 centaur zombies
  A gnoll shaman (D:8)
  7 orc priests
  2 hounds
  6 jellies
  3 bullfrog skeletons
  2 centaur skeletons
  14 orc wizards
  Crazy Yiuf (D:7)
  5 iguanas
  8 hell rats
  3 worker ants
  A killer bee zombie (D:6)
  A hound zombie (D:7)
  A hound skeleton (D:7)
  Robin (D:2)
  A worker ant zombie (D:6)
  12 gnolls
  9 adders
  14 river rats
  5 shadow imps
  An adder zombie (D:6)
  2 adder skeletons (D:7)
  3 worms
  3 dart slugs
  3 leopard geckos
  43 orcs
  A giant cockroach (D:2)
  10 goblins
  10 hobgoblins
  9 jackals
  12 quokkas
  6 bats (D:1)
  A frilled lizard (D:2)
  18 kobolds
  A quokka skeleton (D:7)
  A quokka zombie (D:8)
  17 rats
360 creatures vanquished.

Vanquished Creatures (others)
  Duvessa (D:6)
  An adder (D:11)
  An orc (D:7)
3 creatures vanquished.

Grand Total: 363 creatures vanquished

Notes
Turn   | Place    | Note
-------+----------+-------------------------------------------
     0 | D:1      | Peloso the Gnoll Fighter began the quest for the Orb.
     0 | D:1      | Reached XP level 1. HP: 23/23 MP: 1/1
    98 | D:1      | Reached XP level 2. HP: 26/29 MP: 2/2
   394 | D:1      | Reached XP level 3. HP: 35/35 MP: 3/3
   741 | D:2      | Reached skill level 1 in Invocations
   932 | D:2      | Noticed Robin
   945 | D:2      | Killed Robin
   945 | D:2      | Reached skill level 1 in Short Blades
   945 | D:2      | Reached skill level 1 in Axes
   945 | D:2      | Reached skill level 1 in Maces & Flails
   945 | D:2      | Reached skill level 1 in Polearms
   945 | D:2      | Reached skill level 1 in Staves
   945 | D:2      | Reached skill level 1 in Slings
   945 | D:2      | Reached skill level 1 in Bows
   945 | D:2      | Reached skill level 1 in Crossbows
   945 | D:2      | Reached skill level 1 in Throwing
   945 | D:2      | Reached skill level 1 in Dodging
   945 | D:2      | Reached skill level 1 in Stealth
   945 | D:2      | Reached skill level 1 in Unarmed Combat
   945 | D:2      | Reached skill level 1 in Spellcasting
   945 | D:2      | Reached skill level 1 in Evocations
   945 | D:2      | Reached XP level 4. HP: 25/41 MP: 5/5
  1686 | D:3      | Reached skill level 1 in Conjurations
  1686 | D:3      | Reached skill level 1 in Hexes
  1686 | D:3      | Reached skill level 1 in Charms
  1686 | D:3      | Reached skill level 1 in Summonings
  1686 | D:3      | Reached skill level 1 in Necromancy
  1686 | D:3      | Reached skill level 1 in Translocations
  1686 | D:3      | Reached skill level 1 in Transmutations
  1686 | D:3      | Reached skill level 1 in Fire Magic
  1686 | D:3      | Reached skill level 1 in Ice Magic
  1686 | D:3      | Reached skill level 1 in Air Magic
  1686 | D:3      | Reached skill level 1 in Earth Magic
  1686 | D:3      | Reached skill level 1 in Poison Magic
  1939 | D:3      | Found an ancient bone altar of Kikubaaqudgha.
  1939 | D:3      | Found a basalt altar of Yredelemnul.
  1940 | D:3      | Noticed a phantom
  1940 | D:3      | Noticed Menkaure
  1961 | D:3      | Found a transporter.
  1963 | D:3      | Found a transporter.
  2024 | D:3      | Reached XP level 5. HP: 47/47 MP: 6/6
  2576 | D:4      | Noticed an ogre
  2583 | D:4      | Killed an ogre
  2583 | D:4      | Reached XP level 6. HP: 42/53 MP: 8/8
  2744 | D:4      | HP: 2/53 [orc/+1 dagger of protection (2)]
  3217 | D:4      | Found a staircase to the Ecumenical Temple.
  3224 | Temple   | Entered the Ecumenical Temple
  3605 | D:4      | Reached skill level 5 in Long Blades
  3765 | D:5      | Entered Level 5 of the Dungeon
  3765 | D:5      | Found a snail-covered altar of Cheibriados.
  3876 | D:5      | Found Zergh's Gadget Shoppe.
  4184 | D:5      | Noticed a cacodemon
  4185 | D:5      | Found a burning altar of Makhleb.
  4188 | D:5      | Found a glowing silver altar of Zin.
  4188 | D:5      | Noticed an angel
  4281 | D:5      | Reached XP level 7. HP: 50/59 MP: 10/10
  5504 | D:6      | Reached XP level 8. HP: 61/67 MP: 12/12
  6448 | D:6      | Found a sparkling altar of Nemelex Xobeh.
  7126 | D:6      | Reached XP level 9. HP: 72/72 MP: 14/14
  7242 | D:7      | Found a shimmering altar of Xom.
  7242 | D:7      | Noticed Pikel
  7369 | D:6      | Killed Pikel
  7584 | D:7      | Noticed Dowan
  7585 | D:7      | Noticed Duvessa
  7588 | D:7      | Killed Dowan
  7611 | D:6      | Killed Duvessa
  8060 | D:7      | Reached skill level 5 in Invocations
  8104 | D:7      | Reached XP level 10. HP: 47/80 MP: 17/17
  8111 | D:7      | Got a vibrating wooden ring
  8113 | D:7      | Identified the ring of Refrant {rC+ rN+} (You found it on
                  | level 7 of the Dungeon)
  8305 | D:7      | Found a shimmering blue altar of Sif Muna.
  8306 | D:7      | Found a shadowy altar of Dithmenos.
  8325 | D:7      | You fall into a shaft and drop 2 floors!
  8397 | D:9      | Noticed Gastronok
  8713 | D:8      | Found an iron altar of Okawaru.
  8721 | D:8      | Became a worshipper of Warmaster Okawaru
  8738 | D:8      | Reached skill level 5 in Short Blades
  8738 | D:8      | Reached skill level 5 in Axes
  8738 | D:8      | Reached skill level 5 in Maces & Flails
  8738 | D:8      | Reached skill level 5 in Polearms
  8738 | D:8      | Reached skill level 5 in Staves
  8738 | D:8      | Reached skill level 5 in Slings
  8738 | D:8      | Reached skill level 5 in Bows
  8738 | D:8      | Reached skill level 5 in Crossbows
  8738 | D:8      | Reached skill level 5 in Throwing
  8738 | D:8      | Reached skill level 5 in Dodging
  8738 | D:8      | Reached skill level 5 in Stealth
  8738 | D:8      | Reached skill level 5 in Unarmed Combat
  8738 | D:8      | Reached skill level 5 in Spellcasting
  8738 | D:8      | Reached skill level 5 in Evocations
  9073 | D:7      | Found a runed translucent door.
  9074 | D:7      | Noticed Crazy Yiuf
  9206 | D:7      | Reached * piety under Okawaru
  9236 | D:7      | Noticed Prince Ribbit
  9238 | D:7      | Found a blossoming altar of Fedhas.
  9239 | D:7      | Found a hazy altar of Hepliaklqana.
  9248 | D:7      | Killed Prince Ribbit
  9539 | D:7      | Killed Crazy Yiuf
  9711 | D:3      | Killed Menkaure
 10503 | D:8      | Found a runed translucent gate.
 10505 | D:8      | Found an opulent altar of Gozag.
 10507 | D:8      | Found a runed translucent gate.
 10508 | D:8      | Found a runed translucent gate.
 10508 | D:8      | Noticed a red ugly thing
 10508 | D:8      | Noticed kelmiir's ghost (novice NaFi)
 11057 | D:9      | Found a staircase to the Orcish Mines.
 11160 | D:9      | Noticed Harold
 11171 | D:9      | Reached ** piety under Okawaru
 11376 | D:9      | Killed Harold
 11376 | D:9      | Reached XP level 11. HP: 58/86 MP: 17/19
 11414 | D:9      | Killed Gastronok
 11414 | D:9      | Reached *** piety under Okawaru
 11414 | D:9      | Reached skill level 5 in Conjurations
 11414 | D:9      | Reached skill level 5 in Hexes
 11414 | D:9      | Reached skill level 5 in Charms
 11414 | D:9      | Reached skill level 5 in Summonings
 11414 | D:9      | Reached skill level 5 in Necromancy
 11414 | D:9      | Reached skill level 5 in Translocations
 11414 | D:9      | Reached skill level 5 in Transmutations
 11414 | D:9      | Reached skill level 5 in Fire Magic
 11414 | D:9      | Reached skill level 5 in Ice Magic
 11414 | D:9      | Reached skill level 5 in Air Magic
 11414 | D:9      | Reached skill level 5 in Earth Magic
 11414 | D:9      | Reached skill level 5 in Poison Magic
 11829 | D:10     | Entered Level 10 of the Dungeon
 11918 | D:10     | Noticed Maurice
 11931 | D:10     | Killed Maurice
 12354 | D:10     | Noticed a death yak
 12357 | D:10     | Found a staircase to the Lair.
 12367 | D:10     | Killed a death yak
 12369 | D:10     | Noticed a death yak
 12369 | D:10     | Noticed a death yak
 12431 | D:10     | Killed a death yak
 12431 | D:10     | Received a gift from Okawaru
 12471 | D:9      | Killed a death yak
 12650 | D:10     | Reached **** piety under Okawaru
 12667 | D:10     | Got a twisted long sword
 12668 | D:10     | Identified the cursed +3 long sword of Defilement {elec,
                  | rPois Dex+2} (You found it on level 10 of the Dungeon)
 12849 | D:10     | Noticed a skeletal warrior
 12851 | D:10     | Noticed a skeletal warrior
 12851 | D:10     | Noticed a skeletal warrior
 12870 | D:10     | Killed a skeletal warrior
 12889 | D:10     | Killed a skeletal warrior
 12901 | D:10     | Killed a skeletal warrior
 12901 | D:10     | Reached XP level 12. HP: 53/96 MP: 22/22
 13195 | D:10     | Reached ***** piety under Okawaru
 13332 | D:10     | Noticed Erolcha
 13340 | D:10     | Killed Erolcha
 13628 | D:10     | Paralysed by a hornet for 2 turns
 14186 | D:10     | Got a fine trident
 14191 | D:10     | Identified the +7 trident of a Labyrinth {drain, rN++ Int+2
                  | Dex+6} (You found it on level 10 of the Dungeon)
 14328 | D:11     | Noticed a four-headed hydra
 14352 | D:11     | Killed a four-headed hydra
 15291 | D:11     | Received a gift from Okawaru
 15496 | Lair:1   | Entered Level 1 of the Lair of Beasts
 15573 | Lair:1   | Reached skill level 10 in Fighting
 15573 | Lair:1   | Reached skill level 10 in Armour
 15573 | Lair:1   | Reached skill level 10 in Shields
 15957 | Lair:1   | Noticed Urug
 15971 | Lair:1   | Killed Urug
 16520 | Lair:1   | Reached XP level 13. HP: 97/103 MP: 24/24
 17296 | Lair:2   | Found a hole to the Spider Nest.
 17310 | Lair:2   | Slain by a wolf spider

Illustrated notes

Levels and vault maps discovered:
D:1:      heliophobic_arrival_henge, layout_rooms
D:2:      mumra_celtic_spiral_tile, layout_basic, first_ration, uniq_robin
D:3:      layout_basic, gammafunk_temple_of_torment
D:4:      layout_loops_ring, minmay_temple_entry_overgrown
D:5:      layout_cave_pools, grunt_temple_overflow_order_and_chaos_2,
          lemuel_crystal_altar, serial_shops, shop
D:6:      black_bear_nest_2, layout_layer_cave, nicolae_overflow_crystal_walls,
          dk_noncrumbling_4
D:7:      layout_loops_ring, chequers_temple_overflow_statue_of_worship,
          nicolae_overflow_hidden_temple, the_bakery, xom_confusion_cloud,
          uniq_prince_ribbit1, uniq_duvessa, uniq_pikel, uniq_crazy_yiuf_cottage
D:8:      layout_gridville, okawaru_metal_pillars_1_2, ebering_ghost_gozag
D:9:      layout_roguey, orc_0_dummy, uniq_harold, uniq_gastronok
D:10:     layout_loops_corners, dpeg_lair_monsters, uniq_erolcha, uniq_maurice
D:11:     layout_basic, serial_bayou_pond_d
Temple:   minmay_temple_curvy_loop
Lair:1:   lemuel_ratsnest, layout_cave_pods, small_statue_intersection,
          infiniplex_staircase_pool, lemuel_fruit_fields, uniq_urug
Lair:2:   layout_cave_pods, elwin_shoals_entry_stream,
          spider_nest_entry_funnel_web, minmay_lair_oklob_bushes,
          serial_bayou_shore_a

Skill      XL: |  1  2  3  4  5  6  7  8  9 10 11 12 |
---------------+-------------------------------------+-----
Invocations    | 1 2 3 4 5 6 7 8 |  8.4
Short Blades   | 1 2 3 4 5 6 7 |  7.7
Axes           | 1 2 3 4 5 6 7 |  7.7
Maces & Flails | 1 2 3 4 5 6 7 |  7.7
Polearms       | 1 2 3 4 5 6 7 |  7.7
Staves         | 1 2 3 4 5 6 7 |  7.7
Slings         | 1 2 3 4 5 6 7 |  7.7
Bows           | 1 2 3 4 5 6 7 |  7.7
Crossbows      | 1 2 3 4 5 6 7 |  7.7
Throwing       | 1 2 3 4 5 6 7 |  7.7
Dodging        | 1 2 3 4 5 6 7 |  7.7
Stealth        | 1 2 3 4 5 6 7 |  7.7
Unarmed Combat | 1 2 3 4 5 6 7 |  7.7
Spellcasting   | 1 2 3 4 5 6 7 |  7.7
Evocations     | 1 2 3 4 5 6 7 |  7.7
Conjurations   | 1 2 3 4 5 6 |  6.4
Hexes          | 1 2 3 4 5 6 |  6.4
Charms         | 1 2 3 4 5 6 |  6.4
Summonings     | 1 2 3 4 5 6 |  6.4
Necromancy     | 1 2 3 4 5 6 |  6.4
Translocations | 1 2 3 4 5 6 |  6.4
Transmutations | 1 2 3 4 5 6 |  6.4
Fire Magic     | 1 2 3 4 5 6 |  6.4
Ice Magic      | 1 2 3 4 5 6 |  6.4
Air Magic      | 1 2 3 4 5 6 |  6.4
Earth Magic    | 1 2 3 4 5 6 |  6.4
Poison Magic   | 1 2 3 4 5 6 |  6.4
Long Blades    | 5 6 7 8 9 |  9.1
Fighting       | 7 8 9 10 | 10.1
Armour         | 7 8 9 10 | 10.1
Shields        | 7 8 9 10 | 10.1

Action                   |  1- 3 |  4- 6 |  7- 9 | 10-12 | 13-15 || total
-------------------------+-------+-------+-------+-------+-------++-------
Melee: Long sword        |    96 |   159 |   244 |   385 |    78 ||   962
       Bite              |     8 |    20 |    58 |   128 |    17 ||   231
       Scimitar          |       |       |   153 |   326 |       ||   479
       Whip              |       |       |       |    20 |       ||    20
Invok: Heroism           |       |       |       |    16 |       ||    16
Evoke: Wand              |       |     2 |       |     6 |       ||     8
  Use: Potion            |       |     7 |     2 |     2 |       ||    11
       Scroll            |       |     1 |     5 |     6 |     3 ||    15
 Stab: Distracted        |       |       |       |     1 |       ||     1
       Sleeping          |       |       |       |     1 |       ||     1
  Eat: Chunk             |       |     7 |    10 |    21 |     2 ||    40
       Ration            |       |     1 |     1 |     2 |       ||     4
Armor: Scale mail        |    42 |     6 |       |       |       ||    48
       Plate armour      |       |    78 |    61 |       |       ||   139
       Chain mail        |       |       |   148 |   271 |    40 ||   459
Dodge: Dodged            |    35 |    43 |   115 |   230 |    48 ||   471
Block: Kite shield       |    58 |    82 |   230 |   450 |    78 ||   898
       Rpst.: Long sword |    12 |    14 |    16 |    36 |    10 ||    88
       Scimitar          |       |       |    12 |    24 |       ||    36
